 Dungeon Sprint DCSS version 0.17-a0-2064-g265a032 (webtiles) character file.

5758 Kidiri the Unseen (level 10, -19/44 HPs)
             Began as a Spriggan Enchanter on Oct 12, 2015.
             Was an Elder of Dithmenos.
             Demolished by Agnes
             ... wielding a +1 vampiric lajatang
              (22 damage)
             ... in the Dungeon (Sprint IV: "Fedhas' Mad Dash").
             The game lasted 00:09:15 (2762 turns).

Kidiri the Unseen (Spriggan Enchanter)              Turns: 2762, Time: 00:09:16

Health: -19/44     AC:  3    Str:  4    XL:     10   Next: 49%
Magic:  13/27      EV: 31    Int: 18    God:    Dithmenos [****..]
Gold:   257        SH:  7    Dex: 19    Spells: 5 memorised, 21 levels left

rFire  . . .     SeeInvis +     e - +3 dagger (speed)
rCold  . . .     Clarity  .     b - +1 robe
rNeg   . . .     SustAt   .     m - +0 buckler
rPois  .         Gourm    .     (helmet restricted)
rElec  .         Spirit   .     (no cloak)
rCorr  .         Warding  .     (gloves unavailable)
rMut   .         NoTele   +     (boots unavailable)
MR     +....                    (no amulet)
Stlth  ++++++++++               (no ring)
                                k - ring of invisibility

@: very slightly contaminated, wreathed by umbra, invisible (expiring), very
quick, somewhat resistant to hostile enchantments, uncannily stealthy
A: unfitting armour, see invisible, herbivore 3, speed 3, slow metabolism 2
a: Shadow Step, Renounce Religion, Turn Visible


You were in the Dungeon.
You worshipped Dithmenos.
Dithmenos was greatly pleased with you.
You were not hungry.

You visited 1 branch You collected 257 gold pieces.

Inventory:

Hand Weapons
 e - a +3 dagger of speed (weapon)
Armour
 b - a +1 robe (worn)
 m - a +0 buckler (worn)
Jewellery
 k - a ring of invisibility (left hand)
Scrolls
 j - a scroll of blinking
 l - 3 scrolls of remove curse {unknown}
 n - a scroll of magic mapping {unknown}
Potions
 g - a potion of haste
 h - a potion of magic
Books
 c - a book of Maledictions

   Spells                             Type                      Level
   a - Corona                         Hexes                        1
   b - Ensorcelled Hibernation        Hexes/Ice                    2
   c - Confuse                        Hexes                        3
   d - Tukima's Dance                 Hexes                        3
   e - Dazzling Spray                 Conjuration/Hexes            3
Comestibles
 d - a bread ration
 o - 3 royal jellies


   Skills:
 * Level 11.1 Short Blades
 + Level 5.2 Armour
 * Level 14.1 Dodging
 * Level 15.2 Stealth
 + Level 3.7 Shields
 * Level 12.1 Spellcasting
 + Level 5.1 Conjurations
 + Level 9.3 Hexes
 + Level 5.4 Ice Magic
 - Level 4.8 Invocations


You had 21 spell levels left.
You knew the following spells:

 Your Spells              Type           Power        Failure   Level  Hunger
a - Corona                Hex            #####..      1%          1    None
b - Ensorcelled Hibernat  Hex/Ice        #####.       1%          2    None
c - Confuse               Hex            #####...     1%          3    None
d - Tukima's Dance        Hex            #####...     1%          3    None
e - Dazzling Spray        Conj/Hex       #####...     1%          3    None


Dungeon Overview and Level Annotations

Branches:
Dungeon (1/1)

Altars:
Cheibriados
Dithmenos
Elyvilon
Gozag
Kikubaaqudgha
Makhleb
Nemelex Xobeh
Okawaru
Qazlal
Ru
Sif Muna
Trog
Vehumet
Xom
Yredelemnul
Zin
The Shining One
Beogh
Jiyva
Lugonu

Shops:
D %=:[=[!(

Annotations:
D Agnes


Innate Abilities, Weirdness & Mutations

You are tiny and cannot use many weapons and most armour.
You have supernaturally acute eyesight.
You are a herbivore.
You cover ground extremely quickly.
You need consume almost no food.


Message History

Casting: Dazzling Spray
Confirm with . or Enter, or press ? or * to list all spells.
Aiming: Dazzling Spray
Press: ? - help, Shift-Dir - straight line, f/p - Agnes
Aim: Agnes, wielding a vampiric lajatang and wearing a robe (black smoke, umbra)
The spray of energy misses Agnes.
Agnes hits you with a vampiric lajatang!
Casting: Dazzling Spray
Confirm with . or Enter, or press ? or * to list all spells.
Aiming: Dazzling Spray
Press: ? - help, Shift-Dir - straight line, f/p - Agnes
Aim: Agnes, wielding a vampiric lajatang and wearing a robe (black smoke, umbra)
The spray of energy misses Agnes.
Agnes hits you with a vampiric lajatang!!
Ouch! That really hurt!
* * * LOW HITPOINT WARNING * * *
You emit a cloud of dark smoke.
Agnes hits you with a vampiric lajatang!!
Ouch! That really hurt!
You die...

#._._._._._._.#.%##∩∩.+...#####..
#.⌠...._....⌠.#################..
###################....(.###)....
#♣♣♣♣♣..♣%###.'..+.....(.+.+%..♣.
......♣..♣##).#..#.......########
♣..♣♣♣.♣).###.##'##......#
.♣♣.(♣...♣'...#♣.♣########
###############§§§§§####
###..♣@§♣§...#
P.#####.).♣§i§§§.♣..
P.........§♣§§§§.∩.∩.
P...################# #


You could see Agnes.

Vanquished Creatures
  A spriggan berserker (D)
  A spriggan druid (D)
  6 oklob plants (D)
  A demonic crawler (D)
  3 wandering mushrooms (D)
  3 burning bushes (D)
  A queen bee (D)
  A wasp (D)
  4 killer bees (D)
  2 scorpions (D)
  5 oklob saplings (D)
  5 spriggans (D)
  A worker ant (D)
  A river rat (D)
  A rat (D)
  9 fungi (D)
  A giant spore (D)
46 creatures vanquished.

Notes
Turn   | Place    | Note
--------------------------------------------------------------
     0 | D        | Kidiri the Spriggan Enchanter began the quest for the Orb.
     0 | D        | Reached XP level 1. HP: 9/9 MP: 5/5
   178 | D        | Reached skill level 5 in Stealth
   211 | D        | Noticed an oklob sapling
   212 | D        | Killed an oklob sapling
   212 | D        | Reached skill level 1 in Armour
   212 | D        | Reached skill level 5 in Dodging
   212 | D        | Reached skill level 6 in Stealth
   212 | D        | Reached XP level 2. HP: 13/13 MP: 6/8
   212 | D        | Reached XP level 3. HP: 16/16 MP: 6/9
   216 | D        | Learned a level 2 spell: Ensorcelled Hibernation
   220 | D        | Learned a level 3 spell: Confuse
   224 | D        | Learned a level 3 spell: Dazzling Spray
   240 | D        | Noticed a worker ant
   242 | D        | Killed a worker ant
   270 | D        | Found a snail-covered altar of Cheibriados.
   270 | D        | Found a glowing silver altar of Zin.
   270 | D        | Found a white marble altar of Elyvilon.
   271 | D        | Found a viscous altar of Jiyva.
   271 | D        | Found a radiant altar of Vehumet.
   271 | D        | Found a deep blue altar of Sif Muna.
   271 | D        | Found a burning altar of Makhleb.
   271 | D        | Found an ancient bone altar of Kikubaaqudgha.
   271 | D        | Found a bloodstained altar of Trog.
   271 | D        | Found a corrupted altar of Lugonu.
   271 | D        | Found a sacrificial altar of Ru.
   271 | D        | Noticed an oklob sapling priest
   272 | D        | Found a glowing golden altar of the Shining One.
   272 | D        | Found a sparkling altar of Nemelex Xobeh.
   273 | D        | Found a shadowy altar of Dithmenos.
   274 | D        | Found an iron altar of Okawaru.
   274 | D        | Found a shimmering altar of Xom.
   275 | D        | Found an opulent altar of Gozag.
   276 | D        | Found a basalt altar of Yredelemnul.
   276 | D        | Found a roughly hewn altar of Beogh.
   277 | D        | Found a stormy altar of Qazlal.
   281 | D        | Became a worshipper of Dithmenos the Shadowed
   284 | D        | Killed an oklob sapling priest
   284 | D        | Reached skill level 7 in Stealth
   284 | D        | Reached skill level 5 in Spellcasting
   284 | D        | Reached skill level 1 in Conjurations
   284 | D        | Reached skill level 5 in Hexes
   284 | D        | Reached skill level 1 in Ice Magic
   284 | D        | Reached skill level 1 in Invocations
   284 | D        | Reached XP level 4. HP: 21/21 MP: 9/12
   412 | D        | Noticed an oklob sapling wizard
   415 | D        | Killed an oklob sapling wizard
   415 | D        | Reached XP level 5. HP: 24/24 MP: 11/14
   528 | D        | Noticed a scorpion
   531 | D        | Killed a scorpion
   531 | D        | Reached skill level 5 in Short Blades
   531 | D        | Reached skill level 8 in Stealth
   538 | D        | Reached * piety under Dithmenos
   548 | D        | Learned a level 3 spell: Tukima's Dance
   769 | D        | Found Unuruonk's Jewellery Shop.
   769 | D        | Found Veokugi's Food Emporium.
   776 | D        | Noticed a burning bush
   776 | D        | Noticed a wandering mushroom
   777 | D        | Noticed a scorpion
   777 | D        | Noticed a wandering mushroom
   787 | D        | Killed a scorpion
   787 | D        | Reached skill level 9 in Stealth
   787 | D        | Reached XP level 6. HP: 10/28 MP: 5/16
  1009 | D        | Killed a burning bush
  1009 | D        | Reached skill level 10 in Stealth
  1019 | D        | Killed a wandering mushroom
  1019 | D        | Reached skill level 10 in Dodging
  1019 | D        | Reached skill level 11 in Stealth
  1019 | D        | Reached XP level 7. HP: 22/32 MP: 3/19
  1271 | D        | Killed a wandering mushroom
  1543 | D        | Found Gaduqi's Jewellery Shoppe.
  1544 | D        | Found Ciob's Antique Armour Emporium.
  1605 | D        | Noticed an oklob sapling
  1608 | D        | Killed an oklob sapling
  1620 | D        | Noticed a queen bee
  1620 | D        | Noticed a killer bee
  1621 | D        | Noticed a killer bee
  1624 | D        | Noticed a killer bee
  1624 | D        | Noticed a killer bee
  1627 | D        | Killed a queen bee
  1627 | D        | Reached XP level 8. HP: 36/36 MP: 22/22
  1628 | D        | Killed a killer bee
  1628 | D        | Reached ** piety under Dithmenos
  1629 | D        | Killed a killer bee
  1631 | D        | Killed a killer bee
  1632 | D        | Killed a killer bee
  1632 | D        | Reached skill level 1 in Shields
  1696 | D        | Noticed an oklob plant
  1699 | D        | Killed an oklob plant
  1699 | D        | Reached skill level 12 in Stealth
  1713 | D        | Noticed a burning bush
  1717 | D        | Killed a burning bush
  1717 | D        | Reached skill level 10 in Spellcasting
  1729 | D        | Noticed an oklob sapling
  1729 | D        | Noticed a burning bush
  1729 | D        | Noticed an oklob plant
  1730 | D        | Noticed a wandering mushroom
  2022 | D        | Killed a burning bush
  2022 | D        | Reached *** piety under Dithmenos
  2022 | D        | Reached skill level 13 in Stealth
  2022 | D        | Reached XP level 9. HP: 39/39 MP: 17/24
  2176 | D        | Killed a wandering mushroom
  2182 | D        | Killed an oklob plant
  2188 | D        | Killed an oklob sapling
  2304 | D        | Noticed a spriggan druid
  2305 | D        | Killed a spriggan druid
  2332 | D        | Noticed an oklob plant conjurer
  2333 | D        | Killed an oklob plant conjurer
  2333 | D        | Reached skill level 10 in Short Blades
  2333 | D        | Reached skill level 14 in Stealth
  2467 | D        | Noticed an oklob plant
  2467 | D        | Noticed an oklob plant summoner
  2468 | D        | Noticed an oklob plant shifter
  2472 | D        | Killed an oklob plant
  2472 | D        | Reached XP level 10. HP: 44/44 MP: 23/26
  2474 | D        | Killed an oklob plant summoner
  2474 | D        | Reached skill level 5 in Ice Magic
  2477 | D        | Killed an oklob plant shifter
  2477 | D        | Reached skill level 5 in Armour
  2484 | D        | Noticed a demonic crawler
  2489 | D        | Killed a demonic crawler
  2614 | D        | Noticed a spriggan rider
  2614 | D        | Noticed a spriggan
  2614 | D        | Noticed a spriggan
  2619 | D        | Killed a spriggan
  2619 | D        | Reached skill level 5 in Conjurations
  2622 | D        | Found Guam's Distillery.
  2623 | D        | Killed a spriggan
  2623 | D        | Reached **** piety under Dithmenos
  2625 | D        | Killed a spriggan
  2628 | D        | Killed a wasp
  2636 | D        | Found Imaluus's Antique Weapon Shoppe.
  2744 | D        | Noticed Agnes
  2746 | D        | Found Siutou's Book Emporium.
  2746 | D        | Noticed a spriggan berserker
  2748 | D        | Killed a spriggan berserker
  2748 | D        | Reached skill level 15 in Stealth
  2753 | D        | Found Beanwati's Antique Armour Shoppe.
  2762 | D        | Demolished by Agnes

Vault maps used:
D:        dungeon_sprint_fedhas

Action                   |  1- 3 |  4- 6 |  7- 9 | 10-12 || total
-------------------------+-------+-------+-------+-------++-------
Melee: Dagger            |   158 |     8 |    28 |    51 ||   245
       Rapier            |       |    28 |     7 |       ||    35
 Cast: Corona            |     2 |       |       |       ||     2
       Dazzling Spray    |       |     8 |    25 |     7 ||    40
Invok: Shadow Step       |       |       |       |     1 ||     1
 Abil: Evoke Invisibilit |     1 |     4 |     4 |     1 ||    10
  Use: Potion            |       |     1 |     2 |     1 ||     4
 Stab: Sleeping          |     3 |     3 |    11 |     3 ||    20
       Invisible         |       |     2 |     1 |     6 ||     9
  Eat: Bread ration      |       |     1 |       |       ||     1
